 Dungeon Crawl Stone Soup version 0.25-a0-474-ga8a2ee3166 (webtiles) character file.

Game seed: 6225192228698257384, levelgen mode: deterministic

515 Minion the Digger (level 6, -3/45 HPs)
             Began as a Demigod Earth Elementalist on Feb 8, 2020.
             Slain by an elf zombie (5 damage)
             ... in an ossuary.
             The game lasted 00:13:51 (3891 turns).

Minion the Digger (Demigod Earth Elementalist)      Turns: 3891, Time: 00:13:52

Health: -3/45      AC:  4    Str: 11    XL:     6   Next: 67%
Magic:  5/15       EV: 14    Int: 23    God:
Gold:   266        SH:  0    Dex: 16    Spells: 3/13 levels left

rFire    + . .     SeeInvis .   (no weapon)
rCold    . . .     Gourm    .   (no shield)
rNeg     . . .     Faith    .   c - +0 robe
rPois    .         Spirit   .   e - +1 hat
rElec    .         Reflect  .   (no cloak)
rCorr    .         Harm     .   m - +0 pair of gloves
MR       .....                  (no boots)
Stlth    ++........             (no amulet)
HPRegen  0.15/turn              f - ring of protection from fire
MPRegen  0.14/turn              (no ring)

@: berserk cooldown, slowed, very slow
A: high mp 1
a: no special abilities


You were in an ossuary.
You were not hungry.

You visited 1 branch of the dungeon, and saw 4 of its levels.
You also visited: Ossuary.

You collected 266 gold pieces.

Inventory:

Armour
 c - a +0 robe (worn)
 e - a +1 hat (worn)
 m - a +0 pair of gloves (worn)
Jewellery
 f - a ring of protection from fire (left hand)
 s - an uncursed ring of protection from fire
 v - an uncursed ring of protection from cold {unknown}
Wands
 u - a wand of polymorph (6)
Scrolls
 a - 2 scrolls of identify
 g - 2 scrolls of enchant weapon
 i - 3 scrolls of teleportation
 k - a scroll of remove curse
 q - a scroll of amnesia {unknown}
Potions
 b - 2 potions of brilliance {unknown}
 j - a potion of invisibility {unknown}
 l - 2 potions of heal wounds {unknown}
 n - a potion of lignification {unknown}
 o - 2 potions of haste {unknown}
 p - a potion of resistance {unknown}
 r - 3 potions of curing {unknown}
 t - 2 potions of agility {unknown}
 w - 2 potions of might {unknown}
 x - 2 potions of degeneration {unknown}
Comestibles
 d - 6 rations


   Skills:
 - Level 3.2 Dodging
 - Level 1.8 Stealth
 + Level 4.2 Spellcasting
 - Level 0.8 Transmutations
 + Level 5.1 Earth Magic


You had 3 spell levels left.
You knew the following spells:

 Your Spells              Type           Power        Failure   Level  Hunger
a - Sandblast             Erth           ####..       1%          1    None
b - Stone Arrow           Conj/Erth      ###...       11%         3    ##.....
c - Petrify               Tmut/Erth      ###.....     30%         4    ####...
d - Passwall              Tmut/Erth      ###.....     4%          2    #......

Your spell library contained the following spells:

 Spells                   Type           Power        Failure   Level  Hunger
 Lee's Rapid Deconstruct  Erth           ####......   34%         5    ######.


Dungeon Overview and Level Annotations

Branches:
Dungeon (4/15)            Ossuary (1/1)
 Temple: D:4-7

Annotations:
D:2 1 runed translucent door, Crazy Yiuf


Innate Abilities, Weirdness & Mutations

You have an increased reservoir of magic. (+10% MP)


Message History

You punch the centaur zombie!
The centaur zombie is heavily damaged.
The centaur zombie closely misses you.
You punch the centaur zombie!
The centaur zombie is almost destroyed.
The centaur zombie hits you!
* * * LOW HITPOINT WARNING * * *
You punch the centaur zombie!
You destroy the centaur zombie!
You completely miss the elf zombie.
You are no longer berserk.
You are exhausted.
You feel yourself slow down.
You closely miss the elf zombie. The elf zombie misses you.
The elf zombie hits you.
* * * LOW HITPOINT WARNING * * *
The elf zombie hits you.
* * * LOW HITPOINT WARNING * * *
The elf zombie hits you.
You die...

........∩∩.........#
.MZ................#
..##############...#
..# #...#...#...#
..#.####...#...#...#
ZM#........'####...#
..######.∩.....#...#
.Z#....#.......#...#
..#.#..#..Z....#@..#
..#.####.......#ZZ.#
.Z#............#...#
..#.####..####.#...#
..#.#..#..# .#...#
..#....#..# #...#
..######..######...#
...................#
.......8..8........#


You could see a rat zombie and an elf zombie.

Vanquished Creatures
  4 centaur zombies (Ossuary)
  A hound (D:4)
  A human zombie (Ossuary)
  An orc priest (D:2)
  Jessica (D:2)
  An iguana (D:4)
  A big kobold zombie (Ossuary)
  2 mummies (Ossuary)
  7 gnolls
  2 adders
  2 adder zombies (Ossuary)
  An adder skeleton (D:4)
  A dart slug (D:1)
  2 leopard geckos
  10 orcs
  A ball python (D:1)
  4 giant cockroaches
  A goblin (D:3)
  4 hobgoblins
  13 jackals
  2 quokkas
  10 bats
  4 frilled lizards
  2 goblin zombies (Ossuary)
  10 hobgoblin zombies (Ossuary)
  8 kobolds
  5 kobold zombies (Ossuary)
  9 orc zombies (Ossuary)
  5 rats
  A rat zombie (Ossuary)
116 creatures vanquished.

Notes
Turn   | Place    | Note
-------+----------+-------------------------------------------
     0 | D:1      | Minion the Demigod Earth Elementalist began the quest for
                  | the Orb.
     0 | D:1      | Reached XP level 1. HP: 14/14 MP: 5/5
   324 | D:1      | Reached skill level 3 in Earth Magic
   387 | D:1      | Reached XP level 2. HP: 20/20 MP: 1/7
   825 | D:2      | Noticed Jessica
   826 | D:2      | Killed Jessica
   826 | D:2      | Reached XP level 3. HP: 26/26 MP: 7/9
   958 | D:2      | Learned a level 3 spell: Stone Arrow
  1104 | D:2      | Reached XP level 4. HP: 33/33 MP: 5/10
  1163 | D:2      | Learned a level 4 spell: Petrify
  1434 | D:2      | Reached XP level 5. HP: 26/38 MP: 6/12
  1614 | D:2      | Found a runed translucent door.
  1615 | D:2      | Noticed Crazy Yiuf
  1982 | D:3      | Reached skill level 4 in Earth Magic
  2226 | D:3      | Learned a level 2 spell: Passwall
  2983 | D:4      | Found a shattered altar of Ashenzari.
  3074 | D:4      | Found a sand-covered staircase.
  3079 | Ossuary  | Entered an ossuary
  3351 | Ossuary  | Reached XP level 6. HP: 42/45 MP: 3/14
  3871 | Ossuary  | Reached skill level 5 in Earth Magic
  3887 | Ossuary  | HP: 1/45 [elf zombie (4)]
  3891 | Ossuary  | Slain by an elf zombie

Levels and vault maps discovered:
D:1:      eino_arrival_druids_welcome, layout_loops_ring
D:2:      layout_rooms, uniq_jessica, uniq_crazy_yiuf_cottage
D:3:      layout_loops_ring, first_ration
D:4:      layout_basic, enter_ossuary_2, evilmike_ruin_ashenzari
Ossuary:  ossuary_tomb_1

Skill      XL: |  1  2  3  4  5  6 |
---------------+-------------------+-----
Dodging        | 2 3 |  3.2
Spellcasting   | 2 3 4 |  4.2
Earth Magic    | 3 4 5 |  5.1
Stealth        | |  1.8
Transmutations | |  0.8

Action                   |  1- 3 |  4- 6 || total
-------------------------+-------+-------++-------
Melee: Unarmed           |     1 |    58 ||    59
 Cast: Sandblast         |    49 |   122 ||   171
       Stone Arrow       |       |    22 ||    22
  Use: Scroll            |       |     5 ||     5
       Potion            |       |     1 ||     1
  Eat: Chunk             |     1 |     6 ||     7
       Ration            |       |     1 ||     1
Armor: Robe              |     5 |    16 ||    21
Dodge: Dodged            |    20 |   111 ||   131

Table legend:
 A = Non-vault XP
 B = Vault XP
 C = Vault XP percentage of total XP
 D = Non-vault monster count
 E = Vault monster count
 F = Vault count percentage of total count
                 A         B        C        D         E       F
            +---------+---------+-------+---------+---------+-------
      Total |     377 |     359 |  48.8 |      78 |      38 |  32.8
            +---------+---------+-------+---------+---------+-------
        D:1 |      44 |       0 |   0.0 |      17 |       0 |   0.0
        D:2 |     177 |      37 |  17.3 |      29 |       1 |   3.3
        D:3 |      30 |       0 |   0.0 |      16 |       0 |   0.0
        D:4 |     126 |       0 |   0.0 |      16 |       0 |   0.0
    Ossuary |       0 |     322 | 100.0 |       0 |      37 | 100.0
            +---------+---------+-------+---------+---------+-------
